 Dungeon Crawl Stone Soup version 0.18.1-5-g4a78601 (webtiles) character file.

4501 Goblin1989 the Martial Artist (level 10, -4/51 HPs)
             Began as a Vine Stalker Monk on May 12, 2016.
             Was a Priest of Elyvilon.
             Slain by a two-headed ogre
             ... wielding a cursed -2 giant club
              (14 damage)
             ... on level 6 of the Dungeon.
             The game lasted 00:23:36 (6889 turns).

Goblin1989 the Martial Artist (Vine Stalker Monk)   Turns: 6889, Time: 00:23:37

Health: -4/51      AC: 11    Str: 17    XL:     10   Next: 38%
Magic:  0/6        EV:  8    Int: 13    God:    Elyvilon [***...]
Gold:   562        SH:  0    Dex: 17    Spells: 0 memorised, 9 levels left

rFire  + . .     SeeInvis +       - Unarmed
rCold  + . .     Gourm    +     u - +0 chain mail {rPois}
rNeg   . . .     Faith    .     (no shield)
rPois  +         Spirit   +     C - +0 helmet
rElec  +         Dismiss  .     (no cloak)
rCorr  .         Reflect  .     y - +0 pair of gloves
SustAt .         Harm     .     (no boots)
MR     +....                    t - amulet of the Cuttlefish {Gourm *Confuse rElec rPois SInv}
Stlth  ..........               J - ring of wizardry {Wiz+, !d}
                                I - ring "Vitropra" {rF+ rC+ MP-9 Int+3}

@: confused, somewhat resistant to hostile enchantments, extremely unstealthy
A: fangs 3, regeneration 2, magic shield, antimagic bite, no device heal 3, rot
immunity
a: Lesser Healing, Heal Other, Purification, Divine Protection, Renounce
Religion


You were on level 6 of the Dungeon.
You worshipped Elyvilon.
Elyvilon was most pleased with you.
You were very full.

You visited 1 branch of the dungeon, and saw 9 of its levels.

You collected 562 gold pieces.

Inventory:

Armour
 u - a +0 chain mail of poison resistance (worn)
 y - a +0 pair of gloves (worn)
 C - a +0 helmet (worn)
Jewellery
 t - the amulet of the Cuttlefish (around neck) {Gourm *Confuse rElec rPois SInv}
   (You found it on level 4 of the Dungeon)

   [amulet of the gourmand]

   It allows you to eat raw meat even when not hungry.
   It insulates you from electricity.
   It protects you from poison.
   It lets you see invisible.
   It may confuse you when you take damage.
 A - an uncursed ring of ice {rC+, rF-}
 F - an uncursed amulet of magic regeneration
 I - the ring "Vitropra" (left hand) {rF+ rC+ MP-9 Int+3}
   (You found it on level 7 of the Dungeon)

   [ring of protection from fire]

   It affects your intelligence (+3).
   It protects you from fire.
   It protects you from cold.
   It affects your magic capacity (-9).
 J - a ring of wizardry (right hand) {Wiz+, !d}
Wands
 a - a wand of iceblast (5/15)
 c - a wand of enslavement (15/24)
 o - a wand of polymorph (8/24)
 q - a wand of confusion (38/48)
 K - a wand of disintegration (9/24)
 M - a wand of iceblast (2/15)
Scrolls
 d - 5 scrolls of remove curse
 e - a scroll of enchant armour {unknown}
 f - 5 scrolls of immolation {unknown}
 h - a scroll of blinking {unknown}
 i - 2 scrolls of fog
 j - 5 scrolls of enchant weapon {unknown}
 s - 2 scrolls of recharging
 v - 8 scrolls of teleportation
 z - a scroll of fear {unknown}
 D - a scroll of identify
 E - a scroll of magic mapping {unknown}
 H - 2 scrolls of noise {unknown}
Potions
 g - 2 potions of magic
 l - 4 potions of berserk rage {!q}
 m - 2 potions of agility
 r - a potion of cure mutation {!q}
 w - 5 potions of curing
 x - 2 potions of flight
 B - a potion of invisibility
 G - a potion of resistance {unknown}
 L - a potion of lignification {!q}
Comestibles
 b - 5 bread rations
 k - 2 beef jerkies
 n - 6 meat rations
 p - 7 fruits


   Skills:
 + Level 4.7 Fighting
 + Level 3.5 Armour
 - Level 2.4 Dodging
 - Level 2.4 Stealth
 * Level 12.2 Unarmed Combat
 + Level 6.4 Invocations


You had 9 spell levels left.
You didn't know any spells.

Dungeon Overview and Level Annotations

Branches:
Dungeon (9/15)             Temple (0/1) D:4             Orc (0/2) D:9
   Lair: D:8-11

Altars:
Ashenzari
Dithmenos
Elyvilon
Fedhas
Gozag
Qazlal
Trog
Xom
Yredelemnul

Shops:
D:6 (   D:9 [

Annotations:
D:5 exclusion: 2 downstairs
D:9 ololoev's ghost, journeyman FoWn


Innate Abilities, Weirdness & Mutations

You have razor-sharp teeth.
You heal very quickly.
When hurt, damage is shared between your health and your magic reserves.
Your bite disrupts and absorbs the magic of your enemies.
Potions and wands cannot restore your health.
You are immune to rotting.


Message History

The two-headed ogre hits you with a giant club!!
You take 26 damage, and have 8/51 hp.
MASSIVE DAMAGE!!
You now have 2/6 mp.
You are healed.
You feel quite a bit less full.
You can no longer provide greater healing for yourself.
The two-headed ogre hits you with a giant club!
You are confused.
The two-headed ogre hits you with a giant club.
You regained 13 hp, and now have 21/51 hp.
You now have 0/6 mp.
You bump into the rock wall.
You bump into the rock wall.
The two-headed ogre hits you but does no damage.
The two-headed ogre barely misses you.
You bump into the rock wall.
The two-headed ogre hits you with a giant club!
The two-headed ogre completely misses you.
You take 13 damage, and have 9/51 hp.
MASSIVE DAMAGE!!
You bump into the rock wall.
The two-headed ogre hits you with a giant club!
You die...

#.#.###...# #.###
######.#.#_'...#######.#.####
.........###.............>....
######.....#..######.#.#..####
'.########'#...........#..#
#.............######.###..#
##............# ##♣.....#
##............####♣.∩.♣##.#
##..............@O..♣##
##............#####.#####
###....###'##.# #.......# #
##...# #....# #.......# #
#...# ####.# #.......#
##.#######.###.......#
#..##...............#
##.##.........#######
#.##.........#


You could see a two-headed ogre.

Vanquished Creatures
  A troll (D:9)
  Prince Ribbit (D:8)
  5 yaks (D:9)
  A hungry ghost (D:9)
  Sigmund (D:2)
  Menkaure (D:7)
  3 wargs (D:9)
  A slave (D:6)
  3 ogres
  A phantom (D:5)
  2 centaurs
  A giant frog (D:7)
  4 scorpions
  3 killer bees (D:7)
  8 wights
  2 howler monkeys
  3 crimson imps
  A giant frog zombie (D:5)
  A centaur zombie (D:6)
  3 gnoll shamans
  3 hounds
  4 orc priests
  5 orc wizards
  7 worker ants
  A hound skeleton (D:5)
  15 adders
  25 gnolls
  A howler monkey skeleton (D:6)
  2 oozes
  An adder skeleton (D:9)
  2 worms
  A dart slug (D:2)
  A giant gecko (D:5)
  21 orcs
  4 giant cockroaches
  12 goblins
  13 hobgoblins
  18 jackals
  11 kobolds
  2 quokkas
  A ball python (D:4)
  7 bats
  7 giant newts
  8 rats
218 creatures vanquished.

Notes
Turn   | Place    | Note
--------------------------------------------------------------
     0 | D:1      | Goblin1989 the Vine Stalker Monk began the quest for the Orb.
     0 | D:1      | Reached XP level 1. HP: 11/11 MP: 2/2
    74 | D:1      | Reached XP level 2. HP: 12/16 MP: 3/3
   332 | D:1      | Reached XP level 3. HP: 19/19 MP: 4/4
   412 | D:1      | Reached skill level 5 in Unarmed Combat
   598 | D:2      | Noticed Sigmund
   850 | D:3      | Reached XP level 4. HP: 13/23 MP: 3/5
   863 | D:3      | Found a white marble altar of Elyvilon.
   871 | D:3      | Became a worshipper of Elyvilon the Healer
   871 | D:3      | Reached * piety under Elyvilon
   871 | D:3      | Reached ** piety under Elyvilon
   960 | D:3      | Reached skill level 1 in Invocations
  1201 | D:3      | Reached skill level 6 in Unarmed Combat
  1201 | D:3      | Reached XP level 5. HP: 27/27 MP: 6/6
  1270 | D:3      | Found a basalt altar of Yredelemnul.
  1655 | D:4      | Gained mutation: You heal very quickly. [Vine Stalker growth]
  1655 | D:4      | Reached XP level 6. HP: 22/32 MP: 8/8
  1691 | D:4      | Found a staircase to the Ecumenical Temple.
  1775 | D:4      | Found an opulent altar of Gozag.
  1828 | D:4      | Got a flickering crystal amulet
  1868 | D:4      | Reached skill level 7 in Unarmed Combat
  1958 | D:4      | Identified the amulet of the Cuttlefish {Gourm *Confuse rElec rPois SInv} (You found it on level 4 of the Dungeon)
  2003 | D:4      | Reached XP level 7. HP: 33/35 MP: 10/10
  2211 | D:5      | Entered Level 5 of the Dungeon
  2387 | D:5      | Reached *** piety under Elyvilon
  2651 | D:5      | Reached skill level 8 in Unarmed Combat
  3115 | D:6      | Noticed a two-headed ogre
  3229 | D:6      | Found an opulent altar of Gozag.
  3311 | D:6      | Gained mutation: You have razor-sharp teeth. [Vine Stalker growth]
  3311 | D:6      | Reached XP level 8. HP: 39/39 MP: 12/12
  3567 | D:2      | Found a shadowy altar of Dithmenos.
  3774 | D:2      | Killed Sigmund
  3798 | D:2      | Reached skill level 9 in Unarmed Combat
  3805 | D:2      | Reached **** piety under Elyvilon
  4296 | D:6      | Reached skill level 5 in Invocations
  4726 | D:7      | Reached skill level 10 in Unarmed Combat
  4740 | D:7      | Reached XP level 9. HP: 40/43 MP: 12/14
  4908 | D:7      | Found a bloodstained altar of Trog.
  4908 | D:7      | Noticed Menkaure
  4914 | D:7      | Killed Menkaure
  4993 | D:7      | Got a faintly glowing ivory ring
  4994 | D:7      | Identified the ring "Vitropra" {rF+ rC+ MP-9 Int+3} (You found it on level 7 of the Dungeon)
  5348 | D:8      | Reached skill level 1 in Armour
  5417 | D:8      | Found a shattered altar of Ashenzari.
  5499 | D:8      | Noticed Prince Ribbit
  5509 | D:8      | Killed Prince Ribbit
  5509 | D:8      | Reached skill level 11 in Unarmed Combat
  5643 | D:8      | Found a bloodstained altar of Trog.
  5900 | D:9      | Noticed ololoev's ghost (journeyman FoWn)
  5918 | D:9      | HP: 2/44 [warg (8)]
  5995 | D:9      | Found a staircase to the Orcish Mines.
  6055 | D:9      | Reached XP level 10. HP: 48/49 MP: 6/15
  6144 | D:9      | Found Leps's Armour Boutique.
  6426 | D:9      | Found a shimmering altar of Xom.
  6426 | D:9      | Found a blossoming altar of Fedhas.
  6446 | D:9      | Reached skill level 12 in Unarmed Combat
  6792 | D:6      | Found Herem's Weapon Emporium.
  6832 | D:6      | Found a stormy altar of Qazlal.
  6889 | D:6      | Slain by a two-headed ogre

Skill      XL: |  1  2  3  4  5  6  7  8  9 10 |
---------------+-------------------------------+-----
Unarmed Combat | 5 6 7 8 10 11 12 | 12.2
Invocations    | 1 2 3 4 5 6 |  6.4
Fighting       | 4 |  4.7
Armour         | 2 3 |  3.5
Dodging        | |  2.4
Stealth        | |  2.4

Action                   |  1- 3 |  4- 6 |  7- 9 | 10-12 || total
-------------------------+-------+-------+-------+-------++-------
Melee: Unarmed           |   125 |   171 |   473 |    79 ||   848
       Bite              |    19 |    43 |   130 |    36 ||   228
       Punch             |     2 |     4 |    16 |     5 ||    27
Invok: Lesser Healing    |       |     1 |     2 |       ||     3
       Heal Other        |       |     1 |     1 |     1 ||     3
       Greater Healing   |       |       |     4 |     4 ||     8
  Use: Scroll            |       |       |    15 |       ||    15
       Potion            |       |       |     1 |       ||     1
 Stab: Sleeping          |     2 |     1 |       |       ||     3
  Eat: Chunk             |       |     4 |    29 |    12 ||    45
Armor: Ring mail         |    43 |    51 |       |       ||    94
       Chain mail        |       |     1 |   212 |    28 ||   241
Dodge: Dodged            |    65 |   110 |   151 |    28 ||   354
